 Dungeon Crawl Stone Soup version 0.29-a0-582-ge82337ba6a (webtiles) character file.

Game seed: 13694269834334119277

32 Nietzsche the Chopper (level 3, -3/30 HPs)
             Began as a Draconian Gladiator on June 15, 2022.
             Slain by Sigmund
             ... wielding a +0 scythe
              (4 damage)
             ... on level 2 of the Dungeon.
             The game lasted 00:04:30 (1415 turns).

Nietzsche the Chopper (Draconian Gladiator)         Turns: 1415, Time: 00:04:31

Health: -3/30      AC:  5    Str: 15 (16) XL:     3   Next: 10%
Magic:  12/12      EV: 12    Int:  7 (10) God:
Gold:   41         SH:  0    Dex: 10 (12) Spells: 2/2 levels left

rFire   . . .      SeeInvis .   a - +0 war axe
rCold   . . .      Faith    .   (no shield)
rNeg    . . .      Spirit   .   (body armour unavailable)
rPois   .          Reflect  .   b - +0 hat
rElec   .          Harm     .   (no cloak)
rCorr   .          Rampage  .   (no gloves)
Will    .....                   (no boots)
Stlth   +.........              (no amulet)
HPRegen 0.10/turn               k - ring of magical power
MPRegen 0.13/turn               (no ring)

@: no status effects
A: AC +5, unfitting armour, cold-blooded
a: no special abilities


You were on level 2 of the Dungeon.
You visited 1 branch of the dungeon, and saw 2 of its levels.

You collected 41 gold pieces.

Inventory:

Hand Weapons
 a - a +0 war axe (weapon)
Missiles
 c - 3 throwing nets (quivered)
 d - 3 javelins
Armour
 b - a +0 hat (worn)
Jewellery
 k - a ring of magical power (left hand)
Scrolls
 f - a scroll of poison {unknown}
 h - a scroll of amnesia {unknown}
 j - 2 scrolls of torment {unknown}
Potions
 e - 2 potions of lignification {unknown}
 g - a potion of degeneration
 i - a potion of might {unknown}


   Skills:
 + Level 2.3 Fighting
 + Level 3.5 Axes
 + Level 1.8 Throwing
 + Level 3.1 Dodging
 + Level 0.5 Stealth
 * Level 0.2 Spellcasting


You had 2 spell levels left.
You didn't know any spells.
Your spell library was empty.

Dungeon Overview and Level Annotations

Branches:
Dungeon (2/15)

Altars:

Annotations:
D:2 Sigmund


Innate Abilities, Weirdness & Mutations

Your plain brown scales are hard. (AC +5)
You cannot fit into any form of body armour.
You are cold-blooded and may be slowed by cold attacks.


Message History

There is an open door here.
You open the door.
There is an open door here.
A hobgoblin comes into view.
The hobgoblin shouts!
The hobgoblin barely misses you.
You slash the hobgoblin!
You kill the hobgoblin!
You have reached level 3!
Your experience leads to an increase in your attributes!
Increase (S)trength, (I)ntelligence, or (D)exterity?
You feel clever. x2; Your scales feel tougher.
Sigmund, a worm and a hobgoblin come into view.
Sigmund shouts!
Sigmund barely misses you.
You hit the worm.
The worm is moderately wounded.
The worm closely misses you. Sigmund hits you but does no damage.
You hit the worm.
The worm is moderately wounded.
The worm barely misses you.
Sigmund casts a spell.
Sigmund flickers and vanishes!
Deactivating autopickup; reactivate with Ctrl-A.
You hit the worm.
The worm is heavily wounded.
Something hits you. The worm bites you!
You hit the worm.
The worm is severely wounded.
Something hits you. The worm barely misses you.
You hit the worm.
You kill the worm!
The hobgoblin completely misses you. Something hits you!
* * * LOW HITPOINT WARNING * * *
You closely miss the hobgoblin. The hobgoblin barely misses you.
It was a potion of degeneration.
There was something very wrong with that liquid.
You feel weakened.
You feel dopey.
You feel clumsy. Something hits you.
You die...

#<#...#....#
#.###.###.≈..+
........'..≈.#
##.###.#....#
#.....###+##
######.##.#
#.##.#######
+....†......
##@#........
#g########.
#{.# ##.#
..g.w....#
..#....#.#
#.... .. #....
#.# ...... .#


You could see a hobgoblin.

Vanquished Creatures
  A worm (D:2)
  A dart slug (D:1)
  3 ball pythons (D:1)
  2 bats (D:1)
  4 endoplasms (D:1)
  A goblin (D:1)
  5 hobgoblins
  2 kobolds (D:1)
  A quokka (D:1)
  A frilled lizard (D:1)
  2 rats (D:1)
23 creatures vanquished.

Vanquished Creatures (others)
  17 demonic plants (D:1)
  9 fungi (D:1)
  6 plants (D:1)
  8 withered plants (D:1)
40 creatures vanquished.

Grand Total: 63 creatures vanquished

Notes
Turn   | Place    | Note
-------+----------+-------------------------------------------
     0 | D:1      | Nietzsche the Draconian Gladiator began the quest for the
                  | Orb.
     0 | D:1      | Reached XP level 1. HP: 17/17 MP: 1/1
   102 | D:1      | Found a faded altar of an unknown god.
   112 | D:1      | Reached XP level 2. HP: 12/24 MP: 2/2
  1382 | D:2      | Reached XP level 3. HP: 30/30 MP: 3/3
  1386 | D:2      | Noticed Sigmund
  1413 | D:2      | HP: 1/30 [something (11)]
  1415 | D:2      | Slain by Sigmund

Illustrated notes

Levels and vault maps discovered:
D:1:      mushboom_english_gardens, layout_loops_cross,
          shapermc_ecumenical_altar_gd, minmay_cut_off
D:2:      layout_basic, kennysheep_generic_room_14, uniq_sigmund

Skill      XL: |  1  2 |
---------------+-------+-----
Dodging        | 3 |  3.1
Fighting       | |  2.3
Axes           | |  3.5
Throwing       | |  1.8
Stealth        | |  0.5
Spellcasting   | |  0.2

Action                   || total
-------------------------++-------
Melee: War axe           ||   124
       Tailslap          ||    17
  Use: Potion            ||     1
 Stab: Sleeping          ||     1
Armor: Skin              ||    25
Dodge: Dodged            ||    44

Table legend: (Time is in decaauts)
 A = Elapsed time spent in this place.
 B = Non-inter-level travel time spent in this place.
 C = Inter-level travel time spent in this place.
 D = Time resting spent in this place.
 E = Time spent auto-exploring this place.
 F = Levels seen in this place.
 G = Mean time per level.
                   A        B        C        D        E       F      G
               +--------+--------+--------+--------+--------+-----+--------+
         Total |   1455 |   1455 |      0 |      0 |    946 |   2 |  727.5 |
       Dungeon |   1455 |   1455 |      0 |      0 |    946 |   2 |  727.5 |
               +--------+--------+--------+--------+--------+-----+--------+

Top non-repeatable levels by time:
     D:1: 1388 daAuts
     D:2: 67 daAuts
